 Dungeon Crawl Stone Soup version 0.31.0-32-g396128a36d (webtiles) character file.

Game seed: 7403606024135633887

186 PaiMei the Gusty (level 5, -1/29 HPs)
             Began as a Tengu Air Elementalist on Mar 18, 2024.
             Slain by an orc priest
             ... wielding a +0 trident
              (7 damage)
             ... on level 3 of the Dungeon.
             The game lasted 00:03:45 (3913 turns).

PaiMei the Gusty (Tengu Air Elementalist)           Turns: 3913, Time: 00:03:45

Health: -1/29      AC:  3    Str:  8    XL:     5   Next: 66%
Magic:  4/10       EV: 13    Int: 18    God:
Gold:   109        SH:  0    Dex: 14    Spells: 6/9 levels left

rFire   . . .        d - +0 dagger
rCold   . . .        (no shield)
rNeg    . . .        a - +0 robe
rPois   .            (helmet restricted)
rElec   .            (no cloak)
rCorr   .            c - +0 pair of gloves
SInv    .            (boots unavailable)
Will    .....        (no amulet)
Stlth   ++           (no ring)
HPRegen 0.24/turn    (no ring)
MPRegen 0.12/turn

%: acrobat
@: no status effects
A: beak, talons 3, acrobatic
a: no special abilities


You were on level 3 of the Dungeon.
You visited 1 branch of the dungeon, and saw 3 of its levels.

You collected 109 gold pieces.

Inventory:

Hand Weapons
 d - a +0 dagger (weapon)
Armour
 a - a +0 robe (worn)
 c - a +0 pair of gloves (worn)
Scrolls
 e - 2 scrolls of teleportation {unknown}
 f - 3 scrolls of immolation {unknown}
 h - 2 scrolls of identify {unknown}
 i - a scroll of blinking {unknown}
 l - a scroll of fear {unknown}
 n - a scroll of vulnerability {unknown}
 q - a scroll of enchant weapon {unknown}
 r - a scroll of poison {unknown}
Potions
 b - 2 potions of magic
 g - 2 potions of resistance {unknown}
 j - a potion of might {unknown}
 k - a potion of cancellation {unknown}
 m - a potion of curing {unknown}
 o - a potion of degeneration {unknown}
 p - a potion of enlightenment {unknown}
 s - a potion of attraction {unknown}


   Skills:
 + Level 1.5 Fighting
 + Level 3.4 Dodging
 - Level 2.3 Stealth
 + Level 2.9 Spellcasting
 + Level 3.2 Conjurations
 + Level 5.1 Air Magic


You had 6 spell levels left.
You knew the following spells:

 Your Spells              Type           Power      Damage    Failure   Level
a - Shock                 Conj/Air       68%        1d7       3%          1
b - Static Discharge      Conj/Air       34%        3-5/arc   4%          2

Your spell library contained the following spells:

 Spells                   Type           Power      Damage    Failure   Level
 Swiftness                Air            21%        N/A       6%          3
 Freeze                   Ice            8%         1d3       17%         1
 Airstrike                Air            10%        2d(2-18)  21%         4
 Jinxbite                 Hex            4%         N/A       26%         2
 Hailstorm                Conj/Ice       8%         3d5       26%         3
 Frozen Ramparts          Ice            4%         1d1       45%         3
 Inner Flame              Hex/Fire       2%         N/A       45%         3
 Anguish                  Hex/Necr       1%         N/A       86%         4
 Metabolic Englaciation   Hex/Ice        1%         N/A       99%         5
 Summon Mana Viper        Hex/Summ       2%         N/A       99%         5


Dungeon Overview and Level Annotations

Branches:
Dungeon (3/15)

Altars:


Innate Abilities, Weirdness & Mutations

You have a beak for a mouth.
You have claws for feet.
You can magically evade attacks while moving or waiting.


Message History

Confirm with . or Enter, or press ? or * to list all spells.
Aiming: Shock (safe; 3% risk of failure)
Press: ? - help, Shift-Dir - straight line, f/p - orc
Aim: an orc, wielding a +0 club (71% to hit)
The zap hits the orc.
The orc is lightly wounded.
The orc priest barely misses you.
Casting: Shock (safe; 3% risk of failure)
Confirm with . or Enter, or press ? or * to list all spells.
Aiming: Shock (safe; 3% risk of failure)
Press: ? - help, Shift-Dir - straight line, f/p - orc
Aim: an orc, wielding a +0 club (lightly wounded, 71% to hit)
The zap hits the orc.
The orc is heavily wounded.
The orc barely misses you.
The orc priest mumbles some strange prayers to Beogh against you.
Beogh smites you!
Ouch! That really hurt!
Casting: Shock (safe; 3% risk of failure)
Confirm with . or Enter, or press ? or * to list all spells.
Aiming: Shock (safe; 3% risk of failure)
Press: ? - help, Shift-Dir - straight line, f/p - orc
Aim: an orc, wielding a +0 club (heavily wounded, 71% to hit)
The zap hits the orc.
You kill the orc!
The orc priest looks satisfied for a moment.
The orc priest hits you with a +0 trident!
* * * LOW HITPOINT WARNING * * *
You see here a +0 whip.
Casting: Shock (safe; 3% risk of failure)
Confirm with . or Enter, or press ? or * to list all spells.
The orc priest is struck by an arc of lightning.
The orc priest is heavily wounded.
You are struck by an arc of lightning.
* * * LOW HITPOINT WARNING * * *
The orc priest is struck by an arc of lightning.
The orc priest is heavily wounded.
The lightning grounds out.
The orc priest hits you with a +0 trident!
You die...

.##...##....>........#.).........
.....................######......
##...................####....#...
##..#.................##..##...#.
###.#............................
###.#..........)..........#..###.
.##....#............##.#...).# .
................o..............
.#.............)@..............#
#......###.####<[##.##.#.......#
#..........# ##....#!.##.....##
..........## ##.....## .##..#
.#........# ##....#....# .##
.#........######..##...#
##...)....##...#........#
##........##............#
#.......>.....##.......#


You could see an orc priest.

Vanquished Creatures
  An orc wizard (D:3)
  3 gnolls (D:3)
  5 adders
  A ribbon worm (D:3)
  7 orcs (D:3)
  5 ball pythons
  6 bats
  9 endoplasms
  3 giant cockroaches
  9 goblins
  5 hobgoblins
  3 jackals (D:1)
  3 quokkas
  6 frilled lizards
  5 kobolds
  6 rats
77 creatures vanquished.

Notes
Turn   | Place    | Note
-------+----------+-------------------------------------------
     0 | D:1      | PaiMei the Tengu Air Elementalist began the quest for the
                  | Orb.
     0 | D:1      | Reached XP level 1. HP: 10/10 MP: 4/4
   285 | D:1      | Reached XP level 2. HP: 15/15 MP: 3/6
   669 | D:1      | Reached XP level 3. HP: 19/19 MP: 5/7
  2122 | D:2      | Reached XP level 4. HP: 16/24 MP: 0/8
  2280 | D:2      | Learned a level 2 spell: Static Discharge
  2926 | D:3      | Got the Quarto of Ill Luck
  2976 | D:3      | Reached skill level 1 in Fighting
  3018 | D:3      | Reached XP level 5. HP: 24/29 MP: 1/10
  3791 | D:3      | Reached skill level 5 in Air Magic
  3913 | D:3      | Slain by an orc priest

Illustrated notes

Levels and vault maps discovered:
D:1:      dpeg_arrival_arbitrary_b, layout_basic
D:2:      minmay_inner_zag, layout_basic, serial_corexii_hall,
          corexii_hall_statues_x, corexii_hall_statues_i,
          minmay_misc_feat_pillars
D:3:      layout_rooms

Skill      XL: |  1  2  3  4  5 |
---------------+----------------+-----
Conjurations   | 2 3 |  3.2
Dodging        | 3 |  3.4
Fighting       | 1 |  1.5
Air Magic      | 5 |  5.1
Stealth        | |  2.3
Spellcasting   | |  2.9

Action                     |  1- 3 |  4- 6 || total
---------------------------+-------+-------++-------
  Melee: Dagger            |    21 |     8 ||    29
         Kick              |     4 |     1 ||     5
         Peck              |     2 |     3 ||     5
   Cast: Shock             |    86 |    88 ||   174
         Static Discharge  |       |     1 ||     1
 Armour: Robe              |    26 |    16 ||    42
  Dodge: Dodged            |    47 |    19 ||    66
